 Dungeon Crawl Stone Soup version 0.30-a0-691-g754fce4c43 (webtiles) character file.

Game seed: 18363814250340109995

50523 arthad the Summoner (level 14, -1/65 HPs)
             Began as a Felid Summoner on Jan 16, 2023.
             Was an Initiate of Gozag.
             Drowned by a drowned soul (12 damage)
             ... summoned by a merfolk avatar
             ... on level 1 of the Shoals on Jan 19, 2023.
             The game lasted 02:27:40 (28992 turns).

arthad the Summoner (Felid Summoner)               Turns: 28992, Time: 02:27:40

Health: -1/65      AC:  3    Str:  4    XL:     14   Next: 20%
Magic:  2/31       EV: 26    Int: 27    God:    Gozag
Gold:   2542       SH:  0    Dex: 17    Spells: 2/38 levels left
                                        Lives:  0   Deaths: 4

rFire   . . .      SeeInvis +      - Unarmed
rCold   + + .      Faith    .    (shield unavailable)
rNeg    . . .      Spirit   .    (body armour unavailable)
rPois   .          Reflect  .    (helmet unavailable)
rElec   .          Harm     .    (cloak unavailable)
rCorr   .          Rampage  .    (gloves unavailable)
Will    ++...                    (boots unavailable)
Stlth   ++                       P - amulet of magic regeneration
HPRegen 0.30/turn                O - ring of False Pretenses {Wiz rC+ Slay+3}
MPRegen 0.62/turn                G - +6 ring of intelligence

@: forested, mesmerised, quick
A: very small, claws 1, fangs 3, see invisible, speed 1, shaggy fur 3, stealthy
paws, no weapons or thrown items, no armour, multi-lived
a: Renounce Religion, Potion Petition, Call Merchant, Bribe Branch


You were on level 1 of the Shoals.
You worshipped Gozag.
Gozag was most pleased with you.
You visited 5 branches of the dungeon, and saw 24 of its levels.
You also visited: Ossuary and Gauntlet.

You collected 8833 gold pieces.
You spent 3984 gold pieces at shops.
You paid 2307 gold pieces to Gozag.

Inventory:

Hand Weapons
 Q - the +8 dagger "Ihot" {freeze, rElec SInv}
   (You found it on level 2 of the Lair of Beasts)

   rElec:     It insulates you from electricity.
   SInv:      It lets you see invisible.
Armour
 C - the +2 ring mail "Zoogaez" {Int+7}
   (You found it on level 7 of the Dungeon)

   Int:       It affects your intelligence (+7).
 T - the +18 shield of the Gong {Loud rElec rN+ Will+ EV-5}
   (You found it on level 5 of the Lair of Beasts)

   Loud:      It is deafeningly noisy when blocking attacks.
   EV:        It affects your evasion (-5).
   rElec:     It insulates you from electricity.
   rN:        It protects you from negative energy.
   Will:      It increases your willpower.
Jewellery
 k - a ring of poison resistance
 l - a ring of magical power
 q - a ring of flight
 x - a ring of protection from cold
 A - a +6 ring of dexterity
 E - a ring of see invisible
 F - an amulet of regeneration
 G - a +6 ring of intelligence (right paw)
 J - a ring of positive energy
 K - a ring of protection from cold
 O - the ring of False Pretenses (left paw) {Wiz rC+ Slay+3}
   (You bought it in a shop on level 1 of the Lair of Beasts)

   [ring of wizardry]

   It improves your spell success rate.
   Slay:      It affects your accuracy & damage with ranged weapons and melee
   (+3).
   rC:        It protects you from cold.
 P - an amulet of magic regeneration (around neck)
Wands
 n - a wand of acid (1)
 t - a wand of polymorph (7)
 B - a wand of paralysis (7)
 I - a wand of flame (15)
Scrolls
 b - 6 scrolls of enchant armour
 d - 5 scrolls of enchant weapon
 e - 20 scrolls of teleportation
 f - 6 scrolls of poison
 h - 7 scrolls of fear
 i - 7 scrolls of immolation
 p - 7 scrolls of fog
 r - a scroll of summoning
 w - 4 scrolls of vulnerability
 y - 5 scrolls of blinking
 M - a scroll of torment
 N - a scroll of magic mapping
 R - 2 scrolls of brand weapon
Potions
 a - 2 potions of magic
 c - 5 potions of flight
 g - 2 potions of haste
 j - 2 potions of lignification
 m - 2 potions of berserk rage
 o - 8 potions of curing
 s - 2 potions of mutation
 u - 3 potions of attraction
 v - 3 potions of cancellation
 z - 2 potions of brilliance
 D - a potion of invisibility
 H - a potion of ambrosia
 L - 2 potions of resistance
 S - 2 potions of heal wounds
 U - 2 potions of degeneration


   Skills:
 + Level 9.7 Fighting
 + Level 13.0 Dodging
 - Level 2.7 Stealth
 + Level 9.8 Unarmed Combat
 * Level 12.9 Spellcasting
 + Level 9.5 Hexes
 * Level 14.8 Summonings
 + Level 7.8 Translocations
 + Level 0.7 Transmutations
 - Level 10.0 Air Magic
 - Level 4.7 Evocations


You had 2 spell levels left.
You knew the following spells:

 Your Spells              Type           Power      Damage    Failure   Level
a - Summon Small Mammal   Summ           100%       N/A       0%          1
b - Call Imp              Summ           78%        N/A       0%          2
c - Call Canine Familiar  Summ           78%        N/A       0%          3
d - Summon Guardian Gole  Hex/Summ       70%        N/A       1%          3
e - Summon Lightning Spi  Summ/Air       71%        N/A       1%          4
f - Summon Hydra          Summ           39%        N/A       2%          7
g - Summon Mana Viper     Hex/Summ       70%        N/A       1%          5
h - Summon Cactus Giant   Summ           39%        N/A       1%          6
i - Summon Forest         Summ/Tloc      34%        N/A       1%          5

Your spell library contained the following spells:

 Spells                   Type           Power      Damage    Failure   Level
 Sublimation of Blood     Necr           17%        N/A       1%          2
 Wereblood                Tmut           21%        N/A       1%          2
 Leda's Liquefaction      Hex/Erth       21%        N/A       1%          4
 Manifold Assault         Tloc           56%        N/A       1%          4
 Dispersal                Tloc           28%        N/A       8%          6
 Freezing Cloud           Conj/Ice/Air   17%        6-21      9%          5
 Lee's Rapid Deconstruct  Erth           8%         3d7*      32%         5
 Spellforged Servitor     Conj/Summ      27%        N/A       45%         7
 Statue Form              Tmut/Erth      12%        N/A       82%         6
 Disjunction              Tloc           28%        N/A       96%         8
 Polar Vortex             Ice            8%         N/A       100%        9
 Portal Projectile        Hex/Tloc       Unusable   N/A       N/A         3
 Simulacrum               Ice/Necr       Unusable   N/A       N/A         6

Dungeon Overview and Level Annotations

Branches:
Dungeon (15/15)            Temple (1/1) D:4            Lair (5/5) D:10
 Shoals (1/4) Lair:2       Spider (0/4) Lair:2        Slime (0/5) Lair:4
    Orc (2/2) D:10            Elf (0/3) Orc:2        Vaults (0/5) D:13
 Depths (0/4) D:15        Ossuary (visited)         Gauntlet (visited)

Altars:
Ashenzari
Cheibriados
Dithmenos
Elyvilon
Fedhas
Gozag
Hepliaklqana
Kikubaaqudgha
Makhleb
Nemelex Xobeh
Okawaru
Qazlal
Ru
Sif Muna
Trog
Uskayaw
Vehumet
Wu Jian
Xom
Yredelemnul
Zin
The Shining One
Jiyva
Lugonu

Shops:
D:4 **   D:5 *   D:6 (   D:10 [=   Orc:1 *   Orc:2 *?(:   Lair:1 :=

Portals:
Abyss: D:7
Pandemonium: Orc:2

Annotations:
D:5 2 transporters, mhtbhm's ghost, novice TrTm
D:8 1 runed translucent door, KennySheep's ghost, novice DEFE


Innate Abilities, Weirdness & Mutations

You have sharp claws.
You have razor-sharp teeth.
You have supernaturally acute eyesight. (SInv)
You cover ground quickly. (Speed+)
Your thick and shaggy fur keeps you warm. (AC +3, rC+)
Your paws help you pounce on unaware monsters.
You are incapable of wielding weapons or throwing items.
You cannot wear armour.
You gain extra lives every three experience levels.


Message History

The merfolk avatar's magic leaks into the air.
The pull of its song draws you forwards.
Your mana viper splashes around in the water.
The pull of its song draws you forwards.
Your mana viper barely misses the merfolk avatar.
The merfolk avatar chants its luring song.
The drowned soul touches you. The drowned soul drowns you!
* * * LOW HITPOINT WARNING * * *
The pull of its song draws you forwards.
Your mana viper barely misses the merfolk avatar.
The merfolk avatar falters for a moment.
Your mana viper bites the merfolk avatar!
The merfolk avatar's magic leaks into the air.
Okay, then. [a] - 125 gold - heal wounds [b] - 580 gold - haste, heal wounds and berserk rage [c] - 754 gold - resistance, might, haste and heal wounds Purchase which effect?
You feel much better.
The pull of its song draws you forwards.
The merfolk avatar falters for a moment.
Your mana viper bites the merfolk avatar!
The merfolk avatar's magic leaks into the air.
You are too injured to fight recklessly!
Casting: Summon Cactus Giant (dangerous; 1% risk of failure)
Press: ? - help, Q - select action, (/) - cycle Dir - look around, f - activate Your mana viper barely misses the merfolk avatar.
The merfolk avatar falters for a moment.
Your mana viper barely misses the merfolk avatar.
Casting: Summon Cactus Giant (dangerous; 1% risk of failure)
Confirm with . or Enter, or press ? or * to list all spells.
An electric hum fills the air.
The drowned soul touches you. The drowned soul drowns you!
* * * LOW HITPOINT WARNING * * *
The merfolk avatar falters for a moment.
Your mana viper splashes around in the water.
Your cactus giant barely misses the drowned soul.
The drowned soul touches you. The drowned soul drowns you!
You die...
Your body crumbles into a pile of gold.

.~~~~~~≈≈≈≈≈≈~~~ $
.~~~~~~~≈≈≈≈~~~~~.~~.
~~~~...~~~~~~~~≈≈≈~~.
~~≈~)...~~~~~~~≈≈≈≈~≈
~≈≈≈.~~~~~~~~~~~~..~~
~≈≈~~≈~WC~~~~~~~.....
~~≈~~m~~~~~~≈~.....
~~~~W≈S@~~~~~~..♣
~~~~~~..~~~~~$.#
~~~~~~8~..~$...♣
≈~≈≈~~~>$$~..~♣♣ #♣♣##
W≈≈≈~~......~.♣♣#──~.♣#
≈≈≈~~~.##$~~~$../..~..##
≈≈~~~~.##....~....~~...#
~~~~~~~......~..~~~~~~~~
~~~~≈~~~~.....~~~~~~~~


You could see a merfolk avatar (mesmerising, distracted, ally target, magic
disrupted), 3 drowned souls, a friendly mana viper (summoned), a friendly cactus
giant (summoned) and a friendly lightning spire (summoned).

Vanquished Creatures
  A demonspawn (Orc:2)
  A centaur warrior (D:14)
  An orc high priest (Orc:2)
  An ugly thing (D:11)
  A manticore (Lair:3)
  A black mamba (Lair:1)
  2 cane toads (Lair:5)
  A komodo dragon (Lair:1)
  A troll (D:14)
  A wind drake (Shoals:1)
  A blink frog (Lair:2)
  2 orc warriors (Orc:2)
  2 boggarts (D:15)
  A bullfrog (Lair:4)
  4 electric eels
  A hound (D:5)
  2 orc priests (Orc:2)
  An orc wizard (D:5)
  An adder (D:5)
  A shadow imp (D:7)
  An adder zombie (Ossuary)
  An orc (D:8)
  An endoplasm (D:1)
  2 giant cockroaches
  A kobold (D:2)
  A quokka (D:3)
  2 hobgoblin zombies (Ossuary)
  A rat (D:3)
37 creatures vanquished.

Vanquished Creatures (collateral kills)
  Kirke (D:15)
  A stone giant (D:15)
  Nessos (Lair:5)
  A dire elephant (Lair:2)
  Snorg (Lair:5)
  Fannar (D:11)
  2 vault guards (D:13)
  4 hydras
  2 anacondas (Lair:2)
  2 demonspawn (Orc:2)
  3 catoblepae
  A centaur warrior (D:14)
  A merfolk avatar (Shoals:1)
  2 alligators (Lair:2)
  A two-headed ogre (D:9)
  11 death yaks
  A boulder beetle (Lair:1)
  5 orc high priests (Orc:2)
  Amaemon (D:11)
  A sun demon (Orc:2)
  A pharaoh ant (Lair:2)
  A lindwurm (Lair:4)
  3 necromancers (D:13)
  7 orc knights (Orc:2)
  An oklob plant (Lair:5)
  A wizard (D:13)
  An ugly thing (D:13)
  5 orc sorcerers
  A shining eye (Orc:2)
  A merfolk siren (Shoals:1)
  7 elephants
  3 cyclopes
  4 manticores
  A torpor snail (Lair:2)
  4 black mambas
  An orange demon (D:11)
  Joseph (D:8)
  20 cane toads
  An unseen horror (D:10)
  2 gargoyles (D:12)
  4 rime drakes
  A kobold demonologist (D:10)
  9 komodo dragons
  A freezing wraith (D:14)
  An efreet (D:15)
  A tengu conjurer (D:13)
  2 hellwings (Orc:2)
  5 trolls
  2 merfolk (Shoals:1)
  2 hornets (Lair:2)
  2 tyrant leeches (Lair:5)
  Prince Ribbit (D:8)
  A hornet (shapeshifter) (D:15)
  A tarantella (Lair:2)
  5 snapping turtles
  Grinder (D:3)
  16 blink frogs
  6 slime creatures
  2 jumping spiders (Lair:2)
  A water elemental (Shoals:1)
  A vampire (D:13)
  4 wraiths
  3 wyverns
  5 basilisks
  68 yaks
  17 humans (D:13)
  A chaos spawn (Orc:2)
  3 hogs (D:15)
  13 vampire mosquitoes
  4 steam dragons
  5 wargs
  3 acid dragons
  13 water moccasins
  31 orc warriors
  2 black bears
  5 wolves (Lair:1)
  4 ogres
  A boggart (D:15)
  6 centaurs
  A phantom (D:4)
  6 kobold brigands
  2 nameless horrors
  An elf zombie (Ossuary)
  2 scorpions
  16 bullfrogs
  2 necrophages (D:5)
  3 wights (D:8)
  10 killer bees
  4 howler monkeys
  An electric eel (Lair:5)
  3 centaur zombies (Ossuary)
  2 hounds
  A human zombie (Ossuary)
  3 jellies
  15 orc priests
  Jessica (D:2)
  5 iguanas
  15 orc wizards
  2 mummies (Ossuary)
  7 adders
  11 gnolls
  2 shadow imps
  3 white imps
  An ufetubus (D:4)
  A dart slug (D:3)
  69 orcs
  8 ball pythons
  3 bats
  6 endoplasms
  2 giant cockroaches (D:4)
  9 goblins
  4 hobgoblins
  7 quokkas
  6 frilled lizards
  3 goblin zombies (Ossuary)
  5 hobgoblin zombies (Ossuary)
  A jackal zombie (Ossuary)
  25 kobolds
  9 kobold zombies (Ossuary)
  10 orc zombies (Ossuary)
  7 rats
  A rat zombie (Ossuary)
  A lurking horror (D:7)
658 creatures vanquished.

Vanquished Creatures (others)
  Louise (D:15)
  A hydra (D:13)
  3 centaur warriors
  2 boulder beetles
  A tengu warrior (D:14)
  A cyclops (D:13)
  An ugly thing (D:13)
  A cane toad (Lair:5)
  A komodo dragon (Lair:1)
  6 slime creatures
  11 yaks
  A human (D:13)
  2 hogs (D:15)
  4 vampire mosquitoes
  A warg (D:10)
  An orc warrior (D:8)
  A black bear (D:6)
  An ice beast (D:6)
  An ogre (D:4)
  2 wolves (Lair:1)
  2 centaurs (D:14)
  A bullfrog (D:6)
  2 gnoll sergeants
  A scorpion (D:5)
  6 wights
  A killer bee (D:8)
  An orc priest (D:10)
  An iguana (Lair:1)
  An orc wizard (D:10)
  A gnoll (D:4)
  2 demonic plants (Gauntlet)
  27 fungi
  151 plants
  2 snaplasher vines
  8 toadstools (Lair:5)
250 creatures vanquished.

Grand Total: 945 creatures vanquished

Notes
Turn   | Place    | Note
-------+----------+-------------------------------------------
     0 | D:1      | arthad the Felid Summoner began the quest for the Orb.
     0 | D:1      | Reached XP level 1. HP: 7/7 MP: 4/4
   188 | D:1      | Noticed a golden eye
   190 | D:1      | Found a faded altar of an unknown god.
   191 | D:1      | Noticed a golden eye
   191 | D:1      | Noticed a floating eye
   191 | D:1      | Noticed a great orb of eyes
   200 | D:1      | Reached XP level 2. HP: 8/11 MP: 3/6
   203 | D:1      | Learned a level 2 spell: Call Imp
  1299 | D:2      | Reached skill level 5 in Summonings
  1299 | D:2      | Reached XP level 3. HP: 13/14 MP: 2/7
  1343 | D:2      | Noticed Jessica
  1354 | D:2      | Killed Jessica
  1643 | D:2      | Reached XP level 4. HP: 18/18 MP: 8/8
  1788 | D:2      | Learned a level 3 spell: Call Canine Familiar
  2232 | D:3      | Found a blossoming altar of Fedhas.
  2664 | D:3      | Noticed Grinder
  2713 | D:3      | Killed Grinder
  2714 | D:3      | Reached skill level 1 in Fighting
  2714 | D:3      | Reached skill level 1 in Unarmed Combat
  2714 | D:3      | Reached skill level 6 in Summonings
  2714 | D:3      | Reached XP level 5. HP: 9/22 MP: 0/10
  2926 | D:3      | Gained mutation: You are covered in thick fur. (AC +2)
                  | [Felid growth]
  2926 | D:3      | Reached XP level 6. HP: 25/25 MP: 11/11
  3359 | D:4      | Found a staircase to the Ecumenical Temple.
  3368 | Temple   | Entered the Ecumenical Temple
  3459 | Temple   | Became a worshipper of Gozag Ym Sagoz the Greedy
  3568 | D:4      | Learned a level 3 spell: Summon Guardian Golem
  4227 | D:4      | Reached XP level 7. HP: 29/29 MP: 12/12
  4633 | D:4      | Found Raatasy's General Store.
  4647 | D:4      | Bought a scroll of fear for 56 gold pieces
  4647 | D:4      | Bought a scroll of teleportation for 42 gold pieces
  4647 | D:4      | Bought a scroll of identify for 28 gold pieces
  4665 | D:4      | Found Ytzus's Fire Supplies.
  4788 | D:4      | Found a hazy altar of Hepliaklqana.
  4987 | D:5      | Entered Level 5 of the Dungeon
  5048 | D:5      | Identified the +5 buckler "Ahuatt" {rPois Dex+4}
  5092 | D:5      | Reached skill level 1 in Air Magic
  5098 | D:5      | Found a transporter.
  5206 | D:5      | Found a transporter.
  5245 | D:5      | Found Unokuess's General Store.
  5537 | D:5      | Found a sand-covered staircase.
  5544 | Ossuary  | Entered an ossuary
  5580 | Ossuary  | Reached skill level 5 in Hexes
  5792 | Ossuary  | Reached XP level 8. HP: 34/34 MP: 14/14
  5969 | Ossuary  | Reached skill level 7 in Summonings
  6278 | D:5      | Bought a potion of heal wounds for 75 gold pieces
  6297 | D:5      | Noticed mhtbhm's ghost (novice TrTm)
  6981 | D:6      | Reached skill level 5 in Dodging
  7171 | D:6      | Found a shimmering blue altar of Sif Muna.
  7204 | D:6      | Found Qouw Lethri's Weapon Shoppe.
  7263 | D:6      | Found a radiant altar of Vehumet.
  7286 | D:6      | Learned a level 4 spell: Summon Lightning Spire
  7458 | D:6      | Reached skill level 5 in Spellcasting
  7470 | D:6      | Reached XP level 9. HP: 37/38 MP: 15/17
  7683 | D:6      | You are sucked into a shaft and drop 3 floors!
  7691 | D:9      | Noticed a two-headed ogre
  7712 | D:8      | Noticed Joseph
  7825 | D:8      | Found a sacrificial altar of Ru.
  7829 | D:8      | Engulfed by a steam dragon's steam
  7830 | D:8      | Reached XP level 8. HP: -1/34 MP: 6/25
  7905 | D:8      | Reached skill level 8 in Summonings
  7968 | D:8      | Reached skill level 9 in Summonings
  7968 | D:8      | Reached skill level 5 in Air Magic
  7968 | D:8      | Reached XP level 9. HP: 40/40 MP: 20/20
  7998 | D:8      | Noticed Prince Ribbit
  8010 | D:8      | Killed Prince Ribbit
  8105 | D:8      | Reached skill level 5 in Unarmed Combat
  8172 | D:8      | Found a glowing silver altar of Zin.
  8173 | D:8      | Noticed an angel
  8235 | D:8      | Reached skill level 5 in Fighting
  8297 | D:8      | Found a runed translucent door.
  8301 | D:8      | Found a shimmering altar of Xom.
  8301 | D:8      | Noticed KennySheep's ghost (novice DEFE)
  8303 | D:8      | Noticed a +2 whip of chaos
  8341 | D:8      | Reached XP level 10. HP: 40/44 MP: 16/21
  8657 | D:8      | Killed Joseph
  8879 | D:7      | Identified the +2 ring mail "Zoogaez" {Int+7}
  9006 | D:7      | Found a one-way gate to the infinite horrors of the Abyss.
  9011 | D:7      | Found a corrupted altar of Lugonu.
  9371 | D:7      | Found a burning altar of Makhleb.
 10013 | D:9      | Killed a two-headed ogre
 10820 | D:9      | Reached skill level 10 in Summonings
 10997 | D:10     | Entered Level 10 of the Dungeon
 11015 | D:10     | Found Gererghu's Armour Shoppe.
 11027 | D:10     | Found Izylis's Jewellery Boutique.
 11032 | D:10     | Bought an amulet of regeneration for 390 gold pieces
 11032 | D:10     | Bought a +6 ring of intelligence for 468 gold pieces
 11159 | D:10     | Found a staircase to the Lair.
 11292 | D:10     | Reached XP level 11. HP: 48/48 MP: 23/23
 11402 | D:10     | Found a staircase to the Orcish Mines.
 12150 | D:11     | Noticed Fannar
 12185 | D:11     | Noticed a cyan ugly thing
 12186 | D:11     | Killed Fannar
 12192 | D:11     | Killed a cyan ugly thing
 12281 | D:11     | Noticed a boulder beetle
 12381 | D:11     | Killed a boulder beetle
 12478 | D:11     | Noticed Amaemon
 12486 | D:11     | Killed Amaemon
 13491 | D:12     | Reached skill level 11 in Summonings
 13513 | D:12     | Gained mutation: Your thick and shaggy fur keeps you warm.
                  | (AC +3, rC+) [Felid growth]
 13513 | D:12     | Reached XP level 12. HP: 53/53 MP: 16/25
 14343 | D:13     | Noticed an eight-headed hydra
 14348 | D:13     | Killed an eight-headed hydra
 14629 | D:13     | Noticed a vault guard
 14629 | D:13     | Noticed a vault guard
 14636 | D:13     | Killed a vault guard
 14644 | D:13     | Killed a vault guard
 14664 | D:13     | Found a gate to the Vaults.
 14961 | D:13     | Noticed a centaur warrior
 14968 | D:13     | Killed a centaur warrior
 14969 | D:13     | Reached skill level 10 in Dodging
 15768 | D:13     | Reached XP level 13. HP: 57/57 MP: 26/27
 16036 | D:13     | Learned a level 7 spell: Summon Hydra
 16077 | D:14     | Reached skill level 12 in Summonings
 16094 | D:14     | Reached skill level 10 in Spellcasting
 16389 | D:14     | Found a radiant altar of Vehumet.
 16445 | D:14     | Shot with an arrow by a centaur warrior
 16446 | D:14     | Reached XP level 12. HP: -4/54 MP: 22/36
 16616 | D:14     | Killed a centaur warrior
 16661 | D:14     | Found a gate leading to a gauntlet.
 16670 | Gauntlet | Entered a Gauntlet
 16670 | Gauntlet | Found a transporter.
 16670 | Gauntlet | Found a runed translucent door.
 16670 | Gauntlet | Found a transporter.
 16696 | Gauntlet | Found a transporter.
 16700 | Gauntlet | Found a transporter.
 16708 | Gauntlet | Found a transporter.
 16712 | Gauntlet | Found a transporter.
 16721 | Gauntlet | Found a transporter.
 16737 | Gauntlet | Found a transporter.
 16752 | Gauntlet | Found a transporter.
 16756 | Gauntlet | Found a transporter.
 16767 | Gauntlet | Found a transporter.
 16768 | Gauntlet | Found a transporter.
 16772 | Gauntlet | Found a runed translucent door.
 16917 | D:14     | Noticed a seven-headed hydra
 16926 | D:14     | Killed a seven-headed hydra
 16980 | D:14     | Noticed a tengu warrior
 17008 | D:14     | Killed a tengu warrior
 17500 | D:15     | Entered Level 15 of the Dungeon
 17517 | D:15     | Noticed Kirke
 17537 | D:15     | HP: 2/54 [lindwurm/blast of flame[Kirke] (31)]
 17538 | D:15     | Killed Kirke
 17637 | D:15     | Found a staircase to the Depths.
 17637 | D:15     | Noticed a stone giant
 17983 | D:15     | Noticed a boulder beetle
 17987 | D:15     | Noticed a centaur warrior
 17997 | D:15     | Killed a boulder beetle
 17998 | D:15     | Killed a centaur warrior
 18479 | D:15     | Killed a stone giant
 18635 | D:15     | Noticed Louise
 18664 | D:15     | Killed Louise
 18918 | Lair:1   | Entered Level 1 of the Lair of Beasts
 18971 | Lair:1   | Noticed a boulder beetle
 18992 | Lair:1   | Killed a boulder beetle
 19113 | Lair:1   | Reached XP level 13. HP: 58/58 MP: 28/28
 20150 | Lair:1   | Bought the ring of False Pretenses {Wiz rC+ Slay+3} for 735
                  | gold pieces
 20153 | Lair:1   | Bought a book of the Wilderness for 570 gold pieces
 20160 | Lair:1   | Learned a level 5 spell: Summon Mana Viper
 20167 | Lair:1   | Learned a level 6 spell: Summon Cactus Giant
 20167 | Lair:1   | Upgraded the game from 0.30-a0-639-g3916f1956a to
                  | 0.30-a0-652-gcc886f7154
 20360 | Lair:2   | Reached skill level 1 in Translocations
 20411 | Lair:2   | Reached skill level 10 in Air Magic
 20740 | Lair:2   | Identified the +8 dagger "Ihot" {freeze, rElec SInv}
 20787 | Lair:2   | Found a staircase to the Shoals.
 21167 | Lair:2   | Found a hole to the Spider Nest.
 21183 | Lair:2   | Reached skill level 13 in Summonings
 21865 | Lair:2   | Noticed a dire elephant
 21886 | Lair:2   | Killed a dire elephant
 21944 | Lair:2   | Got Funuof's Volume of Supportive Shaping
 22546 | Lair:3   | Reached XP level 14. HP: 63/63 MP: 11/30
 22746 | Lair:3   | Killed from afar by a manticore
 22747 | Lair:3   | Reached XP level 13. HP: 0/59 MP: 2/29
 23309 | Lair:4   | Found a staircase to the Slime Pits.
 23309 | Lair:4   | Found a viscous altar of Jiyva.
 24066 | Lair:4   | Reached skill level 5 in Translocations
 24319 | Lair:5   | Entered Level 5 of the Lair of Beasts
 24450 | Lair:5   | Noticed Snorg
 24459 | Lair:5   | Killed Snorg
 24784 | Lair:5   | Reached skill level 14 in Summonings
 24941 | Lair:5   | Learned a level 5 spell: Summon Forest
 24949 | Lair:5   | Reached XP level 14. HP: 40/64 MP: 28/31
 25058 | Lair:5   | Noticed Nessos
 25067 | Lair:5   | Killed Nessos
 25160 | Lair:4   | Upgraded the game from 0.30-a0-652-gcc886f7154 to
                  | 0.30-a0-691-g754fce4c43
 25762 | Lair:5   | Found the +18 shield of the Gong {Loud rElec rN+ Will+
                  | EV-5}
 26003 | Lair:5   | Found a blossoming altar of Fedhas.
 26299 | Orc:1    | Entered Level 1 of the Orcish Mines
 26302 | Orc:1    | Bought 2 potions of curing for 102 gold pieces
 26470 | Orc:2    | Entered Level 2 of the Orcish Mines
 26801 | Orc:2    | Found a staircase to the Elven Halls.
 26933 | Orc:2    | Found Ecolaif's Magic Scroll Emporium.
 26934 | Orc:2    | Found Ruvite's General Store.
 27122 | Orc:2    | Bought a scroll of blinking for 112 gold pieces
 27122 | Orc:2    | Bought a scroll of blinking for 112 gold pieces
 27122 | Orc:2    | Bought a scroll of teleportation for 45 gold pieces
 27122 | Orc:2    | Bought a scroll of blinking for 112 gold pieces
 27124 | Orc:2    | Bought a scroll of summoning for 123 gold pieces
 27373 | Orc:2    | Mangled by a sun demon
 27374 | Orc:2    | Reached XP level 13. HP: -12/60 MP: 2/30
 27876 | Orc:2    | Reached XP level 14. HP: 39/64 MP: 6/31
 27915 | Orc:2    | Found Dorown's Book Shop.
 27915 | Orc:2    | Found a one-way gate leading to the halls of Pandemonium.
 27915 | Orc:2    | Found Muah's Antique Weapon Boutique.
 28040 | Orc:2    | Bought a book of the Warp for 546 gold pieces
 28040 | Orc:2    | Bought a book of the Earth for 468 gold pieces
 28109 | Orc:1    | You fall into a shaft and drop 1 floor!
 28737 | Shoals:1 | Entered Level 1 of the Shoals
 28992 | Shoals:1 | Drowned by a drowned soul

Illustrated notes

Levels and vault maps discovered:
D:1:      nicolae_arrival_washed_ashore, layout_basic,
          hellmonk_ecumenical_altar_watching_god, dreamdust_princess_bridge
D:2:      layout_loops_ring, uniq_jessica
D:3:      layout_loops_ring, mainiacjoe_overflow_alcove_2,
          minmay_fractal_squares_gapless_5, uniq_grinder
D:4:      wad_woods_tower, layout_basic, nicolae_hepliaklqana_hippocampus,
          minmay_temple_entry_trees, serial_shops, nicolae_shop_waterfront,
          nicolae_shop_fire_sale [nicolae_sub_dead_trees]
D:5:      layout_basic, serial_shops, nicolae_shop_behind_doors,
          gammafunk_ghost_gnarly_gnolls, nicolae_ossuary_entry_ruins
D:6:      layout_loops_ring, mainiacjoe_overflow_alcove_4,
          mainiacjoe_overflow_paths, serial_shops, nicolae_diamond_shop
D:7:      layout_rooms, bloody_makhleb, amcnicky_altar_lugonu_corruption
D:8:      layout_basic, zin_angel, mainiacjoe_overflow_six_doors_small,
          ebering_ghost_xom, uniq_joseph, uniq_prince_ribbit1
D:9:      layout_irregular_city
D:10:     layout_roguey, erik_lair_orcish_takeover, minmay_orc_entry_guard_dogs,
          serial_shops, shop, shop
D:11:     layout_roguey, uniq_amaemon, uniq_fannar
D:12:     layout_stronghold
D:13:     layout_stronghold, grunt_vaults_entry_tiered
D:14:     layout_basic, fiery_altar_vehumet, serial_rivers,
          chequers_serial_rivers_marsh, chequers_serial_rivers_large_b,
          chequers_serial_rivers_micro_b, chequers_serial_rivers_micro_a,
          chequers_serial_rivers_micro_e, chequers_serial_rivers_micro_e,
          gauntlet_entry_generic
D:15:     grunt_enter_depths_giant_problem, layout_stronghold,
          serial_bayou_shore_b, uniq_kirke, uniq_louise
Temple:   regret_index_temple_waves
Lair:1:   beast_lair_carwin_large_1, layout_gridlike, serial_bayou_shore_b,
          grunt_megastairs_4, lemuel_fruit_tree
Lair:2:   layout_regular_city, minmay_shoals_entry_hut,
          nicolae_spider_entry_lesser_pyramids, grunt_forest_stairs_basic,
          chequers_serial_rivers_large_a, nicolae_quartered_pool_impasse,
          nicolae_lair_lakeside_cave
Lair:3:   nzn_motion_control, layout_chaotic_city
Lair:4:   layout_roguey, slime_entry_1, wad_woods_road_02, serial_bayou_shore_a
Lair:5:   minmay_lair_end_frog_pond, layout_regular_city, tgw_fedhas,
          uniq_nessos, uniq_snorg
Shoals:1: layout_shoals
Orc:1:    layout_caves, abandoned_shop
Orc:2:    pf_orc_diabolical, layout_caves, minmay_orc_barracks

Skill      XL: |  1  2  3  4  5  6  7  8  9 10 11 12 13 14 |
---------------+-------------------------------------------+-----
Summonings     | 5 6 9 10 11 14 | 14.8
Fighting       | 1 2 4 5 6 7 9 |  9.7
Dodging        | 3 4 7 8 9 10 12 13 | 13.0
Unarmed Combat | 1 2 4 5 6 8 9 |  9.8
Hexes          | 2 3 5 8 9 |  9.5
Spellcasting   | 3 7 8 9 12 | 12.9
Air Magic      | 1 5 3 6 7 8 10 | 10.0
Evocations     | 4 |  4.7
Translocations | 6 7 |  7.8
Stealth        | |  2.7
Transmutations | |  0.7

Action                   |  1- 3 |  4- 6 |  7- 9 | 10-12 | 13-15 || total
-------------------------+-------+-------+-------+-------+-------++-------
Melee: Unarmed           |    19 |    10 |    29 |    31 |    89 ||   178
       Bite              |     1 |     1 |     6 |     8 |    14 ||    30
       Punch             |     1 |       |       |     2 |    12 ||    15
 Cast: Summon Small Mamm |    47 |     4 |     6 |     2 |       ||    59
       Call Imp          |    13 |    12 |    20 |    16 |     3 ||    64
       Call Canine Famil |       |    22 |    46 |    62 |    53 ||   183
       Summon Guardian G |       |     4 |    35 |    74 |    47 ||   160
       Summon Lightning  |       |       |    11 |   108 |    77 ||   196
       Summon Cactus Gia |       |       |       |       |    93 ||    93
       Summon Mana Viper |       |       |       |       |    92 ||    92
       Summon Hydra      |       |       |       |       |    57 ||    57
       Summon Forest     |       |       |       |       |     7 ||     7
Invok: Call Merchant     |       |       |       |       |     3 ||     3
       Potion Petition   |       |       |       |       |     2 ||     2
Evoke: Wand              |       |       |     1 |    10 |    15 ||    26
  Use: Scroll            |       |       |     9 |     3 |    17 ||    29
       Potion            |       |       |     1 |     5 |     3 ||     9
 Stab: Distracted        |       |       |     3 |     1 |     5 ||     9
       Paralysed         |       |       |       |     2 |     1 ||     3
       Petrified         |       |       |       |       |     1 ||     1
Armor: Skin              |     2 |     1 |     6 |     6 |    12 ||    27
Dodge: Dodged            |    39 |    14 |    44 |    89 |   226 ||   412

Table legend: (Time is in decaauts)
 A = Elapsed time spent in this place.
 B = Non-inter-level travel time spent in this place.
 C = Inter-level travel time spent in this place.
 D = Time resting spent in this place.
 E = Time spent auto-exploring this place.
 F = Levels seen in this place.
 G = Mean time per level.
                   A        B        C        D        E       F      G
               +--------+--------+--------+--------+--------+-----+--------+
         Total |  25757 |  24913 |    844 |    528 |  18428 |  26 |  990.7 |
       Dungeon |  15936 |  15448 |    488 |     13 |  11999 |  15 | 1062.4 |
        Temple |    100 |     67 |     33 |      0 |     56 |   1 |  100.0 |
          Lair |   6651 |   6374 |    277 |    207 |   4807 |   5 | 1330.2 |
        Shoals |    240 |    240 |      0 |      0 |    128 |   1 |  240.0 |
  Orcish Mines |   2123 |   2080 |     43 |    308 |   1111 |   2 | 1061.5 |
       Ossuary |    516 |    516 |      0 |      0 |    231 |   1 |  516.0 |
      Gauntlet |    189 |    189 |      0 |      0 |     94 |   1 |  189.0 |
               +--------+--------+--------+--------+--------+-----+--------+

Top non-repeatable levels by time:
  Lair:2: 1879 daAuts
    D:13: 1557 daAuts
   Orc:2: 1556 daAuts
  Lair:5: 1553 daAuts
     D:4: 1333 daAuts
     D:8: 1196 daAuts
    D:15: 1153 daAuts
    D:12: 1144 daAuts
  Lair:1: 1140 daAuts
    D:14: 1105 daAuts
     D:1: 1101 daAuts
     D:6: 1100 daAuts
  Lair:4: 1056 daAuts
     D:3: 1051 daAuts
  Lair:3: 1020 daAuts
